 Dungeon Crawl Stone Soup version 0.15.1-3-g1b33baa (webtiles) character file.

1954 Iskender the Covert (level 9, -4/81 HPs)
             Began as an Octopode Assassin on Oct 8, 2014.
             Was an Initiate of Dithmenos.
             Slain by an ice beast (14 damage)
             ... on Level 7 of the Dungeon on Oct 9, 2014.
             The game lasted 00:57:22 (5648 turns).

Iskender the Covert (Octopode Assassin)             Turns: 5648, Time: 00:57:22

HP  -4/81        AC  1     Str 15      XL: 9   Next: 19%
MP   9/9         EV 12     Int 13      God: Dithmenos [......]
Gold 364         SH  6     Dex 17      Spells:  0 memorised,  8 levels left

rFire  . . .     SeeInvis .     V - +0 short sword (drain)
rCold  . . .     Clarity  .     D - +0 buckler
rNeg   + . .     rCorr    .     (helmet restricted)
rPois  .         rRot     .     J - amulet of warding
rElec  .         Spirit   .     k - ring of sustain abilities
SustAb +         Warding  +     (no ring)
rMut   .         Stasis   .     (no ring)
Gourm  .                        (no ring)
MR     .....                    (no ring)
                                (no ring)
                                (no ring)
                                (no ring)

@: berserking, lethally poisoned, very quick, not resistant to hostile
enchantments, extremely unstealthy
A: almost no armour, amphibious, 8 rings, constrict 8, camouflage 1, gelatinous
body 1
a: Renounce Religion


You were on level 7 of the Dungeon.
You worshipped Dithmenos.
Dithmenos was noncommittal.
You were not hungry.

You visited 2 branches of the dungeon, and saw 8 of its levels.

You collected 364 gold pieces.

Inventory:

Hand weapons
 a - a +2 dagger
 b - a +0 hunting sling
 f - a +0 vampiric spear
 v - a +0 blowgun
 E - a +0 trident
 G - a +0 cutlass
 L - a +2 hand axe of venom
 V - a +0 short sword of draining (weapon)
Missiles
 c - 118 stones
 e - 21 poisoned needles
 B - 23 bolts
 C - 10 arrows
 F - 3 needles of slowing
 H - 35 sling bullets
 P - 5 tomahawks (quivered)
 S - 3 needles of confusion
 T - 15 arrows of frost
 U - a curare-tipped needle
Armour
 D - a +0 buckler (worn)
Magical devices
 r - a wand of digging (20) {unknown}
Comestibles
 g - 4 bread rations
 i - 2 chunks of gnoll flesh
 n - a royal jelly
 u - a slice of pizza
 Y - a meat ration
Scrolls
 d - a scroll of teleportation
 h - 4 scrolls of blinking
 q - 5 scrolls of amnesia
 t - 2 scrolls of enchant armour
 w - a scroll of remove curse
 K - a scroll of identify
 X - a scroll of recharging {unknown}
Jewellery
 k - a ring of sustain abilities (left tentacle)
 x - an uncursed amulet of stasis
 J - an amulet of warding (around mantle)
 O - an uncursed ring of fire
Potions
 j - 2 potions of brilliance {unknown}
 l - a potion of heal wounds
 m - 4 potions of curing
 s - a potion of cancellation {unknown}
 z - a potion of mutation {unknown}
 M - a potion of resistance {unknown}
 N - 2 potions of flight {unknown}
 Q - 4 potions of invisibility {unknown}
Rods
 W - a +1 rod of destruction (10/10)
   (You found it on level 6 of the Dungeon)


   Skills:
 - Level 2.0 Fighting
 - Level 4.0 Short Blades
 - Level 7.0(7.7) Slings
 - Level 4.6(6.5) Throwing
 - Level 1.0 Dodging
 + Level 9.0 Stealth
 - Level 5.1 Shields


You had 8 spell levels left.
You didn't know any spells.

Dungeon Overview and Level Annotations

Branches:
Dungeon (7/15)             Temple (1/1) D:6

Altars:
Dithmenos
Makhleb
Xom

Shops:
D:6 [

Annotations:
D:4 Duvessa; ztt's ghost, average TeSu


Innate Abilities, Weirdness & Mutations

You cannot wear most types of armour.
You are amphibious.
You can wear up to eight rings at the same time.
You can use your tentacles to constrict many enemies at once.
Your skin changes colour to match your surroundings (Stealth).
Your rubbery body absorbs attacks (AC +1).


Message History

Your Stealth skill increases to level 9!
Remove which piece of jewellery? (? for menu, Esc to quit)
Okay, then.
Read which item? (? for menu, Esc to quit)
As you read the scroll of remove curse, it crumbles to dust.
You feel as if something is helping you.
Remove which piece of jewellery? (? for menu, Esc to quit)
You remove your ring of fire.
The ice beast closely misses you.
You feel sick.
You hit the ice beast but do no damage. Your squeeze misses the ice beast.
The ice beast hits you. The ice beast freezes you!
* * * LOW HITPOINT WARNING * * *
Drink which item? (? for menu, Esc to quit)
Okay, then.
Drink which item? (? for menu, Esc to quit)
A red film seems to cover your vision as you go berserk!
You feel yourself moving faster!
You feel mighty! The ice beast hits you.
* * * LOW HITPOINT WARNING * * *
The ice beast freezes you!
You die...

#..♣♣...PP♣P♣.♣....S#...
#.♣♣♣♣...♣...♣...........
#.♣...♣.................P.
#.♣P.♣.P♣.♣.....## ...P.
#.##P.♣♣.♣P.....# ...#
#.###...♣♣♣.♣...###...+
#.# #.##.♣.♣♣.♣..%)...#
..#
#.#♣♣.♣♣♣P♣P♣Y♣........
.## #.##..♣ ..♣♣@♣P...♣.P♣
.# #.##.###.♣♣.♣...♣PP♣ .
.####.##)######....#.♣♣♣
.....................#
.######.#.######...... ##
#.#.# ###### #### # #.#.#
..# # #.#.# #.# #####
#..#.# ####.###


You could see an ice beast.

Vanquished Creatures
  Eustachio (D:4)
  An ice beast (D:5)
  2 centaurs
  A sky beast (D:6)
  Sigmund (D:2)
  4 ogres
  2 giant frogs
  A gnoll sergeant (D:4)
  A wight (D:7)
  2 crimson imps
  8 hounds
  3 orc priests
  2 worker ants
  An iguana (D:5)
  An ogre zombie (D:7)
  4 gnolls
  2 giant mites (D:4)
  An inept feature mimic (D:4)
  12 adders
  6 worms
  An adder skeleton (D:5)
  6 giant geckos
  2 oozes (D:4)
  11 orcs
  3 ball pythons
  12 bats
  3 giant cockroaches
  14 hobgoblins
  8 jackals
  14 kobolds
  6 quokkas
  4 giant newts
  A gnoll skeleton (D:4)
  11 goblins
  A goblin skeleton (D:4)
  A hobgoblin skeleton (D:6)
  A hobgoblin zombie (D:5)
  A kobold skeleton (D:7)
  An orc zombie (D:4)
  13 rats
  A rat zombie (D:5)
  A plant (D:7)
172 creatures vanquished.

Notes
Turn   | Place    | Note
--------------------------------------------------------------
     0 | D:1      | Iskender, the Octopode Assassin, began the quest for the Orb.
     0 | D:1      | Reached XP level 1. HP: 14/14 MP: 1/1
    77 | D:1      | Reached XP level 2. HP: 10/19 MP: 2/2
   493 | D:1      | Reached XP level 3. HP: 24/24 MP: 3/3
   713 | D:2      | Noticed Sigmund
   976 | D:2      | Reached XP level 4. HP: 16/29 MP: 4/4
  1439 | D:3      | Reached XP level 5. HP: 14/34 MP: 5/5
  1662 | D:3      | Found a burning altar of Makhleb.
  1761 | D:2      | Killed Sigmund
  2291 | D:4      | Reached skill level 6 in Stealth
  2291 | D:4      | Reached XP level 6. HP: 33/39 MP: 6/6
  2440 | D:4      | Found a glowing drain.
  2450 | D:4      | the glowing drain was a mimic.
  2453 | D:4      | Reached skill level 7 in Stealth
  2501 | D:4      | Noticed Eustachio
  2519 | D:4      | Killed Eustachio
  2519 | D:4      | Reached skill level 1 in Shields
  2519 | D:4      | Reached XP level 7. HP: 36/45 MP: 7/7
  2661 | D:4      | Reached skill level 8 in Stealth
  2832 | D:4      | Noticed Duvessa
  3124 | D:4      | Noticed ztt's ghost (average TeSu)
  3136 | D:5      | Entered Level 5 of the Dungeon
  3376 | D:4      | Found a shimmering altar of Xom.
  3517 | D:4      | Noticed an ogre
  3595 | D:4      | Killed an ogre
  3595 | D:4      | Reached skill level 5 in Shields
  3595 | D:4      | Reached XP level 8. HP: 46/50 MP: 8/8
  3686 | D:4      | Reached skill level 1 in Slings
  4469 | D:6      | Found a shadowy altar of Dithmenos.
  4477 | D:6      | Became a worshipper of Dithmenos the Shadowed
  4583 | D:6      | Reached skill level 5 in Slings
  4782 | D:6      | Identified a +1 rod of destruction (10/10) (You found it on level 6 of the Dungeon)
  4825 | D:6      | Found a staircase to the Ecumenical Temple.
  4830 | D:6      | Found Katim's Antique Armour Emporium.
  4837 | Temple   | Entered the Ecumenical Temple
  5216 | D:7      | Reached XP level 9. HP: 27/54 MP: 9/9
  5643 | D:7      | Reached skill level 9 in Stealth
  5648 | D:7      | Slain by an ice beast

Action                   |  1- 3 |  4- 6 |  7- 9 || total
-------------------------+-------+-------+-------++-------
Melee: Dagger            |    81 |    71 |   211 ||   363
       Short sword       |       |       |    12 ||    12
 Fire: Blowgun           |    14 |    32 |    35 ||    81
       Hunting sling     |       |       |    55 ||    55
Throw: Stone             |    53 |     7 |    17 ||    77
  Use: Scroll            |       |     9 |     2 ||    11
       Potion            |       |       |     1 ||     1
 Stab: Sleeping          |     7 |    12 |    17 ||    36
       Distracted        |     1 |       |     4 ||     5
  Eat: Chunk             |       |     5 |    10 ||    15
